 Dungeon Crawl Stone Soup version 0.22-a0-608-g8a62e23 (webtiles) character file.

47 Hebeh the Magician (level 3, -5/20 HPs)
             Began as a Deep Elf Fire Elementalist on July 9, 2018.
             Slain by Sigmund
             ... wielding a +1 scythe of slicing
              (8 damage)
             ... on level 2 of the Dungeon.
             The game lasted 00:05:50 (1495 turns).

Hebeh the Magician (Deep Elf Fire Elementalist)     Turns: 1495, Time: 00:05:51

Health: -5/20      AC:  2    Str:  6    XL:     3   Next: 48%
Magic:  4/10       EV: 13    Int: 19    God:
Gold:   38         SH:  0    Dex: 15    Spells: 8/9 levels left

rFire    . . .     SeeInvis .   j - +0 spear
rCold    . . .     Gourm    .   (no shield)
rNeg     . . .     Faith    .   a - +0 robe
rPois    .         Spirit   .   (no helmet)
rElec    .         Reflect  .   (no cloak)
rCorr    .         Harm     .   (no gloves)
MR       .....                  (no boots)
Stlth    ++........             (no amulet)
HPRegen  0.06/turn              (no ring)
MPRegen  0.12/turn              (no ring)

@: no status effects
A: no striking features
a: no special abilities


You were on level 2 of the Dungeon.
You were not hungry.

You visited 1 branch of the dungeon, and saw 2 of its levels.

You collected 38 gold pieces.

Inventory:

Hand Weapons
 j - a +0 spear (weapon)
Missiles
 f - 43 stones (quivered)
Armour
 a - a +0 robe (worn)
Scrolls
 b - a scroll of amnesia {unknown}
 h - a scroll of remove curse {unknown}
 i - a scroll of blinking {unknown}
Potions
 d - a potion of agility {unknown}
 e - a potion of curing {unknown}
 g - 2 potions of ambrosia {unknown}
Comestibles
 c - 3 rations


   Skills:
 + Level 0.5 Fighting
 - Level 2.4 Dodging
 - Level 2.4 Stealth
 * Level 3.9 Spellcasting
 * Level 2.1 Conjurations
 * Level 3.8 Fire Magic


You had 8 spell levels left.
You knew the following spells:

 Your Spells              Type           Power        Failure   Level  Hunger
a - Flame Tongue          Conj/Fire      ###..        4%          1    None

Your spell library contained the following spells:

 Spells                   Type           Power        Failure   Level  Hunger
 Fireball                 Conj/Fire      ###.......   73%         5    ######.
 Conjure Flame            Conj/Fire      ###.....     12%         3    ###....
 Throw Flame              Conj/Fire      ###...       6%          2    ##.....
 Sticky Flame             Conj/Fire      ###.....     36%         4    ####...
 Inner Flame              Hex/Fire       ##......     19%         3    ###....


Dungeon Overview and Level Annotations

Branches:
Dungeon (2/15)

Altars:

Annotations:
D:2 Sigmund


Message History

Deactivating autopickup; reactivate with Ctrl-A.
The jackal barely misses you. The jackal closely misses you.
The jackal barely misses you. The jackal closely misses you.
The jackal misses you.
The jackal bites you but does no damage.
The jackal bites you.
The jackal bites you but does no damage.
The jackal barely misses you.
You closely miss the jackal. The jackal closely misses you. Something hits you!
Ouch! That really hurt!
The jackal bites you.
* * * LOW HITPOINT WARNING * * *
You hit the jackal.
The jackal is moderately wounded.
The jackal bites you.
* * * LOW HITPOINT WARNING * * *
The jackal barely misses you. Something hits you!
You die...

## #.# ########.########
................#
###########.###.########
.@.. # #.# #.........
... #.# ########## ...
#.# ... #.# ##### .#.#
#.####@..# .#.#
#..)..hh.###### h#.#
######........# h#.#
########.# h#.# #.# .#.#
############ #.#####.#.#
...........# #......(#.#
##########.# #########.#
#.####################.#


You could see 2 jackals.

Vanquished Creatures
  An adder (D:2)
  2 oozes (D:2)
  A dart slug (D:1)
  A leopard gecko (D:2)
  A ball python (D:1)
  A giant cockroach (D:2)
  4 goblins
  A hobgoblin (D:2)
  2 jackals (D:2)
  6 bats
  A frilled lizard (D:1)
  2 kobolds
  6 rats
29 creatures vanquished.

Notes
Turn   | Place    | Note
-------+----------+-------------------------------------------
     0 | D:1      | Hebeh the Deep Elf Fire Elementalist began the quest for the Orb.
     0 | D:1      | Reached XP level 1. HP: 10/10 MP: 6/6
   269 | D:1      | Reached XP level 2. HP: 15/15 MP: 6/8
   951 | D:2      | Reached XP level 3. HP: 20/20 MP: 5/10
  1229 | D:2      | Noticed Sigmund
  1495 | D:2      | Slain by Sigmund

Vault maps used:
D:1:      noname_arrival_rooms_in_the_neighbourhood, minivault_26,
          kennysheep_crisscross, grunt_decor_fettered, hangedman_decor_growths,
          hangedman_feature_mirror
D:2:      uniq_sigmund

Skill      XL: |  1  2 |
---------------+-------+-----
Conjurations   | 2 |  2.1
Fighting       | |  0.5
Dodging        | |  2.4
Stealth        | |  2.4
Spellcasting   | |  3.9
Fire Magic     | |  3.8

Action                   || total
-------------------------++-------
Melee: Spear             ||     6
Throw: Stone             ||    27
 Cast: Flame Tongue      ||    54
  Eat: Chunk             ||     2
Armor: Robe              ||     4
Dodge: Dodged            ||    29

Table legend:
 A = Spawn XP
 B = Non-spawn XP
 C = Spawn XP percentage of total XP
 D = Spawn monster count
 E = Non-spawn monster count
 F = Spawn count percentage of total count
 G = Total turns spent on level
                    A         B        C        D         E        F      G
               +---------+---------+-------+---------+---------+-------+---------
         Total |       0 |      68 |   0.0 |       0 |      29 |   0.0 |  1495
               +---------+---------+-------+---------+---------+-------+---------
           D:1 |       0 |      18 |   0.0 |       0 |      11 |   0.0 |   579
           D:2 |       0 |      50 |   0.0 |       0 |      18 |   0.0 |   916
               +---------+---------+-------+---------+---------+-------+---------
